[ AOE2 MATCH · #471085393 ]
UnrankedGoths vs Mongols
[ REPLAY ANALYSIS · EXTRACTED FROM THE RECORDED GAME ]
Feudal
10:39
Castle
25:01
Imperial
—
| APM avg | 11.4 |
| APM peak | 44 |
| eAPM avg | 9.8 |
| Villagers / military | 80 / 100 |
Focus
⚔️ 27.7% · 🌾 72.3%
Militia ×74 · Scorpion ×12 · Spearman ×11 · Trade Cart ×5 · Battering Ram ×3
Feudal
11:08
Castle
15:05
Imperial
31:00
| APM avg | 23.1 |
| APM peak | 49 |
| eAPM avg | 11.5 |
| Villagers / military | 130 / 109 |
Focus
⚔️ 21.3% · 🌾 78.7%
Mangudai ×100 · Trebuchet (Packed) ×5 · Monk ×4
Feudal
11:29
Castle
15:25
Imperial
40:05
| APM avg | 42.9 |
| APM peak | 80 |
| eAPM avg | 21.5 |
| Villagers / military | 153 / 60 |
Focus
⚔️ 27.0% · 🌾 73.0%
Scorpion ×46 · Battering Ram ×14
Feudal
10:29
Castle
19:57
Imperial
39:56
| APM avg | 10.2 |
| APM peak | 34 |
| eAPM avg | 7.9 |
| Villagers / military | 93 / 94 |
Focus
⚔️ 18.2% · 🌾 81.8%
Ballista Elephant ×92 · Trade Cart ×13 · Monk ×2
Feudal
11:04
Castle
14:51
Imperial
29:10
| APM avg | 18.2 |
| APM peak | 52 |
| eAPM avg | 11.0 |
| Villagers / military | 116 / 167 |
Focus
⚔️ 26.0% · 🌾 74.0%
Scout Cavalry ×87 · Camel Scout ×65 · Bombard Cannon ×14 · Monk ×1
Feudal
12:50
Castle
16:45
Imperial
28:43
| APM avg | 22.2 |
| APM peak | 92 |
| eAPM avg | 16.2 |
| Villagers / military | 303 / 182 |
Focus
⚔️ 19.8% · 🌾 80.2%
Spearman ×50 · Skirmisher ×35 · Hand Cannoneer ×31 · Knight ×23 · Archer ×20 · Hussite Wagon ×11
Feudal
11:24
Castle
17:19
Imperial
33:12
| APM avg | 39.0 |
| APM peak | 82 |
| eAPM avg | 14.0 |
| Villagers / military | 107 / 99 |
Focus
⚔️ 28.0% · 🌾 72.0%
Knight ×29 · Teutonic Knight ×29 · Militia ×27 · Spearman ×14
Feudal
12:00
Castle
26:15
Imperial
37:37
| APM avg | 16.7 |
| APM peak | 47 |
| eAPM avg | 11.6 |
| Villagers / military | 137 / 237 |
Focus
⚔️ 34.8% · 🌾 65.2%
Camel Scout ×103 · Cavalry Archer ×67 · Knight ×23 · Kipchak ×10 · Scout Cavalry ×10 · Steppe Lancer ×10
Match map
Initial resources + every placement click. Lines = walls · curves = elevation contours. ◆ gold · ⬟ stone · ● berries · ✦ relic · ◌ wall gap
Inputs per minute
— simirfan - - stormgoing
Build order — simirfan
First 150 of 258 actions detected
| 0:02 | Research | Loom |
| 0:02 | Create | Villager (Male) ×4 |
| 0:04 | Build | House |
| 0:06 | Build | House |
| 1:30 | Create | Villager (Male) |
| 2:08 | Create | Villager (Male) |
| 2:16 | Build | Lumber Camp |
| 2:21 | Create | Villager (Male) |
| 2:57 | Create | Villager (Male) |
| 3:20 | Create | Villager (Male) |
| 4:00 | Build | House |
| 4:09 | Create | Villager (Male) ×2 |
| 4:09 | Create | Villager (Male) ×2 |
| 4:30 | Build | Mill |
| 4:58 | Create | Villager (Male) ×2 |
| 5:25 | Build | House |
| 5:32 | Create | Villager (Male) |
| 6:05 | Create | Villager (Male) |
| 6:08 | Build | House |
| 6:27 | Create | Villager (Male) ×4 |
| 6:32 | Build | House |
| 7:35 | Build | Mining Camp |
| 8:29 | Research | Feudal Age |
| 8:35 | Build | Barracks |
| 9:03 | Create | Villager (Male) |
| 9:25 | Build | Mill |
| 9:33 | Create | Militia ×3 |
| 9:41 | Create | Villager (Male) |
| 9:57 | Create | Militia |
| 10:06 | Build | House |
| 10:21 | Create | Militia |
| 10:39 | Age | Feudal Age |
| 10:44 | Research | Double-Bit Axe |
| 11:08 | Research | Man-at-Arms (upgrade) |
| 11:20 | Build | Farm |
| 11:32 | Research | Horse Collar |
| 11:43 | Create | Militia |
| 11:59 | Create | Villager (Male) |
| 12:08 | Build | Blacksmith |
| 12:21 | Create | Villager (Male) |
| 12:41 | Research | Gold Mining |
| 13:00 | Create | Militia |
| 13:06 | Create | Villager (Male) |
| 13:12 | Build | Farm |
| 13:13 | Build | Farm |
| 13:13 | Build | Farm |
| 13:13 | Build | Farm |
| 13:13 | Build | Farm |
| 13:35 | Create | Militia |
| 13:35 | Create | Militia |
| 13:51 | Create | Villager (Male) |
| 14:00 | Build | Market |
| 14:07 | Create | Villager (Male) |
| 14:23 | Create | Militia |
| 14:23 | Create | Militia |
| 14:34 | Create | Spearman |
| 14:58 | Create | Spearman |
| 14:59 | Create | Spearman |
| 14:59 | Create | Spearman |
| 15:06 | Build | House |
| 15:08 | Build | House |
| 15:09 | Build | House |
| 15:12 | Build | Farm |
| 15:13 | Build | Farm |
| 15:13 | Build | Farm |
| 15:13 | Build | Farm |
| 15:13 | Build | Farm |
| 15:14 | Build | Farm |
| 15:14 | Build | Farm |
| 15:14 | Build | Farm |
| 15:15 | Build | Farm |
| 15:15 | Build | Farm |
| 15:49 | Create | Militia |
| 16:04 | Build | Farm |
| 16:04 | Build | Farm |
| 16:04 | Build | Farm |
| 16:04 | Build | Farm |
| 16:05 | Build | Farm |
| 16:05 | Build | Farm |
| 16:05 | Build | Farm |
| 16:06 | Build | Farm |
| 16:06 | Build | Farm |
| 16:06 | Build | Farm |
| 16:07 | Build | Farm |
| 16:07 | Build | Farm |
| 16:07 | Build | Farm |
| 16:07 | Build | Farm |
| 16:08 | Build | Farm |
| 16:08 | Build | Farm |
| 16:08 | Build | Farm |
| 16:08 | Build | Farm |
| 16:09 | Build | Farm |
| 16:11 | Create | Villager (Male) |
| 16:11 | Create | Villager (Male) |
| 16:12 | Create | Villager (Male) |
| 16:18 | Create | Spearman |
| 16:55 | Build | Farm |
| 16:56 | Build | Farm |
| 16:56 | Build | Farm |
| 16:56 | Build | Farm |
| 16:56 | Build | Farm |
| 16:57 | Build | Farm |
| 16:57 | Build | Farm |
| 17:00 | Create | Villager (Male) |
| 17:26 | Create | Militia ×2 |
| 17:41 | Create | Militia ×2 |
| 17:49 | Build | Barracks |
| 17:53 | Build | Farm |
| 17:53 | Build | Farm |
| 17:54 | Build | Farm |
| 17:54 | Build | Farm |
| 17:54 | Build | Farm |
| 18:22 | Research | Scale Mail Armor |
| 18:27 | Research | Forging |
| 18:29 | Create | Militia ×3 |
| 18:29 | Create | Militia ×3 |
| 18:31 | Create | Spearman |
| 18:31 | Create | Spearman |
| 18:35 | Create | Spearman |
| 18:35 | Create | Spearman |
| 18:49 | Create | Villager (Male) |
| 18:49 | Create | Villager (Male) |
| 18:52 | Create | Trade Cart ×2 |
| 18:53 | Create | Trade Cart ×2 |
| 19:20 | Create | Militia |
| 19:20 | Create | Militia |
| 19:20 | Create | Militia |
| 20:28 | Create | Militia ×5 |
| 21:31 | Create | Villager (Male) |
| 21:31 | Create | Villager (Male) |
| 22:15 | Research | Castle Age |
| 22:23 | Create | Trade Cart |
| 22:38 | Create | Militia ×3 |
| 22:38 | Create | Militia ×3 |
| 22:52 | Create | Spearman |
| 23:16 | Create | Militia ×3 |
| 23:34 | Create | Militia ×2 |
| 23:34 | Create | Militia ×2 |
| 23:56 | Build | Lumber Camp |
| 24:25 | Create | Militia ×5 |
| 24:25 | Create | Militia ×5 |
| 24:26 | Create | Militia |
| 24:43 | Build | Lumber Camp |
| 25:01 | Age | Castle Age |
| 25:23 | Research | Long Swordsman (upgrade) |
| 25:24 | Create | Militia ×2 |
| 25:24 | Create | Militia ×2 |
| 26:27 | Build | Town Center |
| 27:22 | Build | Lumber Camp |
| 28:45 | Build | Farm |
Build order — stormgoing
First 150 of 332 actions detected
| 0:01 | Create | Villager (Male) |
| 0:02 | Create | Villager (Male) |
| 0:02 | Create | Villager (Male) |
| 0:04 | Build | House |
| 0:07 | Build | House |
| 0:14 | Create | Villager (Male) |
| 0:15 | Create | Villager (Male) |
| 1:35 | Create | Villager (Male) |
| 1:49 | Build | Mill |
| 2:07 | Create | Villager (Male) |
| 2:07 | Create | Villager (Male) |
| 2:29 | Create | Villager (Male) |
| 2:29 | Create | Villager (Male) |
| 2:58 | Create | Villager (Male) |
| 2:58 | Create | Villager (Male) |
| 3:19 | Build | House |
| 3:21 | Create | Villager (Male) |
| 3:21 | Create | Villager (Male) |
| 3:34 | Create | Villager (Male) |
| 4:19 | Create | Villager (Male) |
| 4:19 | Create | Villager (Male) |
| 4:22 | Create | Villager (Male) |
| 4:22 | Create | Villager (Male) |
| 4:42 | Create | Villager (Male) |
| 4:42 | Create | Villager (Male) |
| 4:58 | Build | Lumber Camp |
| 5:06 | Create | Villager (Male) |
| 5:07 | Create | Villager (Male) |
| 5:55 | Create | Villager (Male) |
| 5:56 | Create | Villager (Male) |
| 6:02 | Build | House |
| 6:30 | Create | Villager (Male) |
| 7:17 | Build | House |
| 7:41 | Create | Villager (Male) |
| 7:43 | Create | Villager (Male) |
| 7:44 | Create | Villager (Male) |
| 8:58 | Research | Feudal Age |
| 8:58 | Research | Feudal Age |
| 10:14 | Build | Farm |
| 10:16 | Build | Farm |
| 10:23 | Build | Farm |
| 11:08 | Age | Feudal Age |
| 11:09 | Research | Wheelbarrow |
| 11:20 | Build | Market |
| 11:27 | Build | Blacksmith |
| 12:25 | Research | Castle Age |
| 12:25 | Research | Castle Age |
| 12:35 | Research | Double-Bit Axe |
| 12:39 | Research | Horse Collar |
| 12:41 | Build | Farm |
| 12:43 | Build | Farm |
| 12:45 | Build | Farm |
| 12:46 | Build | Farm |
| 12:51 | Build | Farm |
| 15:05 | Age | Castle Age |
| 15:09 | Build | Town Center |
| 15:12 | Create | Villager (Male) |
| 15:13 | Create | Villager (Male) |
| 15:23 | Build | Town Center |
| 15:57 | Build | House |
| 16:01 | Build | House |
| 16:05 | Create | Villager (Male) |
| 16:06 | Create | Villager (Male) |
| 16:26 | Research | Bow Saw |
| 16:35 | Build | Farm |
| 16:42 | Build | Farm |
| 16:43 | Build | Farm |
| 16:44 | Build | Farm |
| 16:49 | Build | Farm |
| 16:50 | Build | Farm |
| 16:53 | Build | Farm |
| 16:55 | Create | Villager (Male) |
| 16:55 | Create | Villager (Male) |
| 16:56 | Create | Villager (Male) |
| 17:02 | Create | Villager (Male) |
| 17:13 | Build | House |
| 17:22 | Create | Villager (Male) |
| 17:25 | Build | Farm |
| 17:28 | Build | Farm |
| 17:31 | Build | Farm |
| 17:32 | Build | Farm |
| 17:35 | Build | Farm |
| 17:38 | Build | Farm |
| 17:40 | Build | Farm |
| 17:43 | Create | Villager (Male) |
| 17:45 | Create | Villager (Male) |
| 17:46 | Create | Villager (Male) |
| 18:03 | Create | Villager (Male) |
| 18:08 | Create | Villager (Male) |
| 18:28 | Build | Barracks |
| 18:34 | Create | Villager (Male) |
| 18:34 | Create | Villager (Male) |
| 18:35 | Create | Villager (Male) |
| 18:35 | Create | Villager (Male) |
| 19:00 | Create | Villager (Male) |
| 19:01 | Create | Villager (Male) |
| 19:06 | Create | Villager (Male) |
| 19:10 | Build | House |
| 19:11 | Build | House |
| 19:14 | Create | Villager (Male) |
| 19:25 | Build | Archery Range |
| 19:32 | Create | Villager (Male) |
| 19:33 | Create | Villager (Male) |
| 20:01 | Create | Villager (Male) |
| 20:01 | Create | Villager (Male) |
| 20:10 | Build | House |
| 20:24 | Build | Monastery |
| 20:27 | Create | Villager (Male) |
| 20:27 | Create | Villager (Male) |
| 20:27 | Create | Villager (Male) |
| 20:31 | Build | Farm |
| 20:33 | Build | Farm |
| 20:38 | Research | Hand Cart |
| 20:41 | Create | Villager (Male) |
| 20:45 | Build | Farm |
| 20:48 | Build | Farm |
| 20:56 | Build | House |
| 20:57 | Build | House |
| 21:01 | Create | Villager (Male) |
| 21:02 | Create | Villager (Male) |
| 21:02 | Create | Villager (Male) |
| 21:13 | Build | Mill |
| 21:14 | Build | Farm |
| 21:20 | Create | Villager (Male) |
| 21:20 | Create | Villager (Male) |
| 21:23 | Create | Monk |
| 21:32 | Build | Farm |
| 21:36 | Create | Villager (Male) |
| 21:40 | Create | Villager (Male) |
| 22:01 | Create | Villager (Male) |
| 22:02 | Create | Villager (Male) |
| 22:02 | Create | Villager (Male) |
| 22:06 | Build | House |
| 22:08 | Create | Villager (Male) |
| 22:08 | Create | Villager (Male) |
| 22:12 | Create | Villager (Male) |
| 22:35 | Research | Fletching |
| 22:36 | Research | Padded Archer Armor |
| 22:40 | Build | Farm |
| 22:41 | Build | Farm |
| 22:45 | Build | Farm |
| 22:46 | Build | Farm |
| 22:48 | Build | Farm |
| 22:50 | Build | Farm |
| 22:53 | Create | Villager (Male) |
| 22:53 | Create | Villager (Male) |
| 23:08 | Build | Stable |
| 23:08 | Create | Villager (Male) |
| 23:09 | Create | Villager (Male) |
| 23:09 | Create | Villager (Male) |
Build order — carlos__federico
First 150 of 383 actions detected
| 0:02 | Create | Villager (Male) |
| 0:02 | Create | Villager (Male) |
| 0:02 | Create | Villager (Male) |
| 0:02 | Create | Villager (Male) |
| 0:02 | Create | Villager (Male) |
| 0:04 | Build | House |
| 0:05 | Build | House |
| 1:28 | Create | Villager (Male) |
| 2:06 | Create | Villager (Male) |
| 2:07 | Create | Villager (Male) |
| 2:14 | Create | Villager (Male) |
| 2:14 | Create | Villager (Male) |
| 2:14 | Create | Villager (Male) |
| 2:22 | Build | Lumber Camp |
| 2:46 | Create | Villager (Male) |
| 2:46 | Create | Villager (Male) |
| 3:07 | Create | Villager (Male) |
| 3:07 | Create | Villager (Male) |
| 3:07 | Create | Villager (Male) |
| 3:28 | Build | House |
| 3:32 | Create | Villager (Male) |
| 3:33 | Create | Villager (Male) |
| 4:10 | Create | Villager (Male) |
| 4:10 | Create | Villager (Male) |
| 4:19 | Build | House |
| 4:20 | Build | House |
| 5:02 | Create | Villager (Male) |
| 5:02 | Create | Villager (Male) |
| 5:02 | Create | Villager (Male) |
| 5:06 | Build | Mill |
| 5:46 | Create | Villager (Male) |
| 6:14 | Create | Villager (Male) |
| 6:15 | Create | Villager (Male) |
| 6:15 | Create | Villager (Male) |
| 6:15 | Create | Villager (Male) |
| 6:16 | Create | Villager (Male) |
| 6:50 | Create | Villager (Male) |
| 7:54 | Build | Lumber Camp |
| 8:24 | Create | Villager (Male) |
| 8:24 | Create | Villager (Male) |
| 9:19 | Research | Feudal Age |
| 9:19 | Research | Feudal Age |
| 9:24 | Build | Farm |
| 9:28 | Build | Farm |
| 10:58 | Build | Mining Camp |
| 11:09 | Create | Villager (Male) |
| 11:10 | Create | Villager (Male) |
| 11:29 | Age | Feudal Age |
| 11:34 | Build | Market |
| 11:36 | Build | Blacksmith |
| 11:49 | Build | Farm |
| 12:20 | Build | House |
| 12:20 | Build | House |
| 12:45 | Research | Castle Age |
| 13:16 | Research | Horse Collar |
| 13:17 | Research | Horse Collar |
| 13:29 | Build | House |
| 13:29 | Build | House |
| 13:30 | Build | House |
| 13:50 | Research | Double-Bit Axe |
| 13:50 | Research | Double-Bit Axe |
| 13:52 | Build | Farm |
| 13:54 | Build | Farm |
| 14:00 | Build | Farm |
| 14:01 | Build | Farm |
| 15:13 | Build | Watch Tower |
| 15:25 | Age | Castle Age |
| 15:28 | Build | Siege Workshop |
| 15:29 | Create | Villager (Male) |
| 15:29 | Create | Villager (Male) |
| 15:41 | Research | Bow Saw |
| 15:47 | Build | House |
| 15:54 | Create | Scorpion |
| 15:56 | Create | Scorpion |
| 16:02 | Build | House |
| 16:04 | Build | House |
| 17:32 | Create | Villager (Male) |
| 17:32 | Create | Villager (Male) |
| 17:34 | Create | Scorpion |
| 17:50 | Create | Villager (Male) |
| 17:51 | Create | Villager (Male) |
| 18:30 | Build | Siege Workshop |
| 18:31 | Create | Villager (Male) |
| 19:03 | Build | Lumber Camp |
| 19:11 | Build | Mining Camp |
| 19:13 | Create | Battering Ram |
| 19:13 | Create | Battering Ram |
| 20:07 | Create | Scorpion |
| 20:30 | Create | Villager (Male) |
| 20:30 | Create | Villager (Male) |
| 20:36 | Build | Town Center |
| 21:06 | Create | Battering Ram |
| 21:08 | Create | Villager (Male) |
| 21:51 | Create | Scorpion |
| 22:10 | Create | Villager (Male) |
| 22:11 | Create | Villager (Male) |
| 22:19 | Create | Villager (Male) |
| 22:20 | Create | Villager (Male) |
| 22:30 | Build | House |
| 22:30 | Build | House |
| 22:31 | Build | House |
| 22:40 | Create | Battering Ram |
| 22:42 | Create | Villager (Male) |
| 22:43 | Create | Villager (Male) |
| 22:48 | Build | Farm |
| 22:49 | Build | Farm |
| 22:50 | Build | Farm |
| 22:51 | Create | Villager (Male) |
| 23:01 | Build | Siege Workshop |
| 23:25 | Create | Villager (Male) |
| 23:25 | Create | Villager (Male) |
| 23:48 | Create | Villager (Male) |
| 23:49 | Create | Villager (Male) |
| 23:51 | Build | Farm |
| 24:14 | Create | Villager (Male) |
| 24:14 | Create | Villager (Male) |
| 24:19 | Create | Villager (Male) |
| 24:41 | Create | Scorpion |
| 24:42 | Create | Scorpion |
| 25:13 | Create | Scorpion |
| 25:13 | Create | Scorpion |
| 25:33 | Create | Villager (Male) |
| 25:34 | Create | Villager (Male) |
| 25:34 | Create | Villager (Male) |
| 25:34 | Create | Villager (Male) |
| 25:35 | Create | Villager (Male) |
| 26:03 | Create | Villager (Male) |
| 26:04 | Create | Villager (Male) |
| 26:04 | Create | Villager (Male) |
| 26:04 | Create | Villager (Male) |
| 26:10 | Build | House |
| 26:11 | Build | House |
| 26:43 | Build | Town Center |
| 26:44 | Create | Villager (Male) |
| 26:44 | Create | Villager (Male) |
| 27:01 | Create | Villager (Male) |
| 27:21 | Create | Villager (Male) |
| 27:26 | Build | Lumber Camp |
| 27:46 | Create | Battering Ram |
| 28:00 | Create | Villager (Male) |
| 28:00 | Create | Villager (Male) |
| 28:19 | Build | House |
| 28:53 | Create | Villager (Male) |
| 28:53 | Create | Villager (Male) |
| 29:01 | Create | Battering Ram |
| 29:03 | Create | Scorpion |
| 29:04 | Create | Scorpion |
| 29:04 | Create | Scorpion |
| 29:04 | Create | Scorpion |
| 29:04 | Create | Scorpion |
Build order — karamasce
First 150 of 216 actions detected
| 0:05 | Build | House |
| 0:06 | Create | Villager (Male) |
| 0:06 | Create | Villager (Male) |
| 0:06 | Create | Villager (Male) |
| 0:06 | Create | Villager (Male) |
| 0:07 | Create | Villager (Male) |
| 0:08 | Build | House |
| 1:47 | Create | Villager (Male) |
| 1:48 | Create | Villager (Male) |
| 2:18 | Create | Villager (Male) |
| 2:51 | Create | Villager (Male) |
| 3:16 | Create | Villager (Male) |
| 3:16 | Create | Villager (Male) |
| 3:28 | Create | Villager (Male) |
| 4:35 | Create | Villager (Male) |
| 4:35 | Create | Villager (Male) |
| 5:06 | Build | Lumber Camp |
| 5:29 | Create | Villager (Male) |
| 5:30 | Create | Villager (Male) |
| 5:37 | Research | Loom |
| 5:38 | Create | Villager (Male) |
| 5:38 | Create | Villager (Male) |
| 5:38 | Create | Villager (Male) |
| 5:39 | Create | Villager (Male) |
| 5:39 | Create | Villager (Male) |
| 5:43 | Build | House |
| 5:45 | Build | House |
| 5:46 | Build | House |
| 6:34 | Create | Villager (Male) |
| 6:35 | Create | Villager (Male) |
| 7:02 | Create | Villager (Male) |
| 7:06 | Create | Villager (Male) |
| 8:12 | Research | Feudal Age |
| 8:22 | Build | Lumber Camp |
| 8:29 | Build | Mill |
| 9:56 | Create | Villager (Male) |
| 9:56 | Create | Villager (Male) |
| 9:57 | Create | Villager (Male) |
| 9:58 | Create | Villager (Male) |
| 10:29 | Age | Feudal Age |
| 10:33 | Research | Horse Collar |
| 11:07 | Build | Farm |
| 11:20 | Research | Double-Bit Axe |
| 11:25 | Build | Farm |
| 11:43 | Create | Villager (Male) |
| 11:48 | Build | Farm |
| 11:55 | Create | Villager (Male) |
| 12:21 | Build | Mining Camp |
| 12:43 | Create | Villager (Male) |
| 13:15 | Create | Villager (Male) |
| 13:30 | Build | House |
| 13:46 | Build | House |
| 14:04 | Build | Market |
| 14:08 | Create | Villager (Male) |
| 14:22 | Create | Villager (Male) |
| 14:32 | Build | Farm |
| 14:39 | Build | Farm |
| 14:51 | Build | Farm |
| 14:51 | Build | Farm |
| 14:51 | Build | Farm |
| 14:52 | Build | Farm |
| 15:03 | Build | Farm |
| 15:36 | Build | Blacksmith |
| 15:39 | Create | Trade Cart |
| 15:40 | Create | Trade Cart |
| 15:40 | Create | Trade Cart |
| 16:02 | Create | Villager (Male) |
| 16:03 | Create | Villager (Male) |
| 16:03 | Create | Villager (Male) |
| 16:36 | Create | Villager (Male) |
| 16:36 | Create | Villager (Male) |
| 16:41 | Create | Villager (Male) |
| 16:49 | Build | Farm |
| 17:14 | Research | Castle Age |
| 17:46 | Build | Mining Camp |
| 17:51 | Create | Villager (Male) |
| 17:51 | Create | Villager (Male) |
| 17:52 | Create | Villager (Male) |
| 18:19 | Research | Gold Mining |
| 18:22 | Research | Stone Mining |
| 18:27 | Create | Trade Cart |
| 18:27 | Create | Trade Cart |
| 19:40 | Create | Villager (Male) |
| 19:40 | Create | Villager (Male) |
| 19:57 | Age | Castle Age |
| 20:01 | Build | House |
| 20:13 | Build | Town Center |
| 20:44 | Create | Villager (Male) |
| 20:59 | Research | Bow Saw |
| 21:01 | Research | Heavy Plow |
| 21:13 | Create | Villager (Male) |
| 21:14 | Create | Villager (Male) |
| 21:20 | Build | House |
| 21:50 | Create | Villager (Male) |
| 21:50 | Create | Villager (Male) |
| 22:01 | Build | Town Center |
| 22:24 | Build | Castle |
| 22:29 | Create | Villager (Male) |
| 22:29 | Create | Villager (Male) |
| 22:35 | Create | Villager (Male) |
| 22:38 | Create | Villager (Male) ×5 |
| 22:49 | Create | Trade Cart |
| 22:49 | Create | Trade Cart |
| 23:32 | Create | Villager (Male) |
| 23:32 | Create | Villager (Male) |
| 23:37 | Create | Villager (Male) |
| 23:38 | Create | Villager (Male) |
| 23:39 | Create | Villager (Male) |
| 24:04 | Create | Villager (Male) ×2 |
| 24:07 | Create | Villager (Male) |
| 24:24 | Build | Mining Camp |
| 24:39 | Build | Monastery |
| 24:54 | Build | Mining Camp |
| 24:58 | Create | Villager (Male) |
| 24:58 | Create | Villager (Male) |
| 25:44 | Research | Caravan |
| 25:45 | Create | Trade Cart |
| 26:01 | Build | Mining Camp |
| 26:07 | Build | Farm |
| 26:07 | Build | Farm |
| 26:07 | Build | Farm |
| 26:09 | Build | Farm |
| 26:18 | Create | Villager (Male) ×3 |
| 26:24 | Build | Farm |
| 27:00 | Build | Castle |
| 27:45 | Build | Farm |
| 27:45 | Build | Farm |
| 27:48 | Create | Villager (Male) ×5 |
| 27:52 | Create | Villager (Male) ×3 |
| 27:55 | Create | Villager (Male) |
| 27:55 | Create | Villager (Male) |
| 28:01 | Create | Monk |
| 28:01 | Create | Monk |
| 28:23 | Build | Farm |
| 28:26 | Build | Farm |
| 28:33 | Build | Farm |
| 28:50 | Build | Farm |
| 28:53 | Build | Farm |
| 28:57 | Create | Villager (Male) |
| 28:59 | Create | Villager (Male) |
| 28:59 | Create | Villager (Male) |
| 29:01 | Create | Villager (Male) |
| 29:03 | Create | Villager (Male) |
| 29:04 | Create | Villager (Male) |
| 29:04 | Create | Villager (Male) |
| 29:14 | Build | House |
| 29:15 | Build | House |
| 29:16 | Build | House |
| 29:17 | Build | House |
| 29:18 | Build | House |
Build order — Mateor2020
First 150 of 314 actions detected
| 0:01 | Create | Villager (Male) |
| 0:02 | Create | Villager (Male) |
| 0:02 | Create | Villager (Male) |
| 0:03 | Build | House |
| 0:05 | Build | House |
| 0:30 | Create | Villager (Male) |
| 0:30 | Create | Villager (Male) |
| 1:31 | Create | Villager (Male) |
| 2:00 | Create | Villager (Male) |
| 2:01 | Create | Villager (Male) |
| 2:16 | Create | Villager (Male) |
| 2:16 | Create | Villager (Male) |
| 2:42 | Build | Lumber Camp |
| 3:02 | Create | Villager (Male) |
| 3:02 | Create | Villager (Male) |
| 3:03 | Create | Villager (Male) |
| 3:29 | Create | Villager (Male) |
| 3:30 | Create | Villager (Male) |
| 3:50 | Create | Villager (Male) |
| 4:17 | Build | House |
| 4:33 | Create | Villager (Male) |
| 4:34 | Create | Villager (Male) |
| 4:34 | Create | Villager (Male) |
| 5:17 | Build | Mill |
| 5:27 | Create | Villager (Male) |
| 5:27 | Create | Villager (Male) |
| 5:28 | Create | Villager (Male) |
| 5:33 | Build | House |
| 6:08 | Create | Villager (Male) |
| 6:08 | Create | Villager (Male) |
| 6:13 | Create | Villager (Male) |
| 6:14 | Create | Villager (Male) |
| 7:02 | Create | Villager (Male) |
| 7:32 | Build | Mining Camp |
| 8:24 | Build | Farm |
| 8:36 | Research | Feudal Age |
| 10:23 | Build | Farm |
| 10:57 | Build | Farm |
| 11:04 | Age | Feudal Age |
| 11:05 | Build | Farm |
| 11:10 | Build | Market |
| 11:17 | Build | Blacksmith |
| 11:18 | Create | Villager (Male) |
| 11:19 | Create | Villager (Male) |
| 11:23 | Build | House |
| 12:11 | Research | Castle Age |
| 13:13 | Research | Horse Collar |
| 13:17 | Research | Double-Bit Axe |
| 13:22 | Build | Farm |
| 13:27 | Build | Farm |
| 13:33 | Build | Farm |
| 13:39 | Build | Farm |
| 13:45 | Build | Farm |
| 13:58 | Create | Villager (Male) |
| 13:59 | Create | Villager (Male) |
| 14:35 | Build | Farm |
| 14:51 | Age | Castle Age |
| 15:04 | Build | House |
| 15:14 | Build | Town Center |
| 15:20 | Create | Villager (Male) |
| 15:20 | Create | Villager (Male) |
| 15:33 | Build | Town Center |
| 16:04 | Build | Farm |
| 16:26 | Build | Farm |
| 16:46 | Build | House |
| 16:48 | Build | House |
| 16:50 | Create | Villager (Male) |
| 16:50 | Create | Villager (Male) |
| 16:51 | Create | Villager (Male) |
| 16:51 | Create | Villager (Male) |
| 16:52 | Create | Villager (Male) |
| 17:01 | Create | Villager (Male) |
| 17:01 | Create | Villager (Male) |
| 17:16 | Create | Villager (Male) |
| 17:16 | Create | Villager (Male) |
| 17:17 | Create | Villager (Male) |
| 17:18 | Create | Villager (Male) |
| 17:23 | Build | Farm |
| 17:25 | Create | Villager (Male) |
| 17:26 | Create | Villager (Male) |
| 17:30 | Build | Farm |
| 17:42 | Build | Farm |
| 17:43 | Create | Villager (Male) |
| 17:43 | Create | Villager (Male) |
| 17:55 | Create | Villager (Male) |
| 17:55 | Create | Villager (Male) |
| 17:59 | Build | Farm |
| 18:05 | Create | Villager (Male) |
| 18:19 | Build | House |
| 18:21 | Build | House |
| 18:34 | Create | Villager (Male) |
| 18:35 | Create | Villager (Male) |
| 18:35 | Create | Villager (Male) |
| 18:53 | Create | Villager (Male) |
| 18:54 | Create | Villager (Male) |
| 19:04 | Build | Farm |
| 19:09 | Build | Mining Camp |
| 19:15 | Build | Farm |
| 19:15 | Build | Farm |
| 19:16 | Build | Farm |
| 19:16 | Build | Farm |
| 19:16 | Build | Farm |
| 19:16 | Build | Farm |
| 19:16 | Build | Farm |
| 19:17 | Build | Farm |
| 19:21 | Create | Villager (Male) |
| 19:22 | Create | Villager (Male) |
| 19:22 | Create | Villager (Male) |
| 19:22 | Create | Villager (Male) |
| 19:38 | Build | House |
| 19:40 | Build | House |
| 19:44 | Create | Villager (Male) |
| 19:44 | Create | Villager (Male) |
| 20:02 | Create | Villager (Male) |
| 20:03 | Create | Villager (Male) |
| 20:03 | Create | Villager (Male) |
| 20:10 | Build | Barracks |
| 20:13 | Create | Villager (Male) |
| 20:13 | Create | Villager (Male) |
| 20:13 | Create | Villager (Male) |
| 20:22 | Build | Farm |
| 20:28 | Build | Farm |
| 20:32 | Build | Farm |
| 20:33 | Create | Villager (Male) |
| 20:33 | Create | Villager (Male) |
| 20:34 | Create | Villager (Male) |
| 20:59 | Create | Villager (Male) |
| 20:59 | Create | Villager (Male) |
| 20:59 | Create | Villager (Male) |
| 21:03 | Build | House |
| 21:05 | Build | House |
| 21:07 | Build | House |
| 21:09 | Build | House |
| 21:11 | Create | Villager (Male) |
| 21:11 | Create | Villager (Male) |
| 21:19 | Create | Villager (Male) |
| 21:19 | Create | Villager (Male) |
| 21:44 | Create | Villager (Male) |
| 21:45 | Create | Villager (Male) |
| 21:45 | Create | Villager (Male) |
| 21:53 | Build | Town Center |
| 22:05 | Research | Wheelbarrow |
| 22:27 | Create | Villager (Male) |
| 22:27 | Create | Villager (Male) |
| 22:27 | Create | Villager (Male) |
| 22:28 | Create | Villager (Male) |
| 22:41 | Build | Monastery |
| 22:49 | Build | Farm |
| 23:02 | Create | Villager (Male) |
| 23:02 | Create | Villager (Male) |
Build order — M.S.
First 150 of 565 actions detected
| 0:01 | Create | Villager (Male) ×4 |
| 0:01 | Create | Villager (Male) |
| 0:01 | Create | Villager (Male) |
| 0:01 | Create | Villager (Male) |
| 0:01 | Create | Villager (Male) |
| 0:01 | Create | Villager (Male) |
| 0:01 | Create | Villager (Male) |
| 0:01 | Create | Villager (Male) |
| 0:01 | Create | Villager (Male) |
| 0:01 | Create | Villager (Male) |
| 0:01 | Create | Villager (Male) |
| 0:01 | Create | Villager (Male) |
| 0:01 | Create | Villager (Male) |
| 0:01 | Create | Villager (Male) |
| 0:01 | Create | Villager (Male) |
| 0:01 | Create | Villager (Male) |
| 0:01 | Create | Villager (Male) |
| 0:02 | Create | Villager (Male) |
| 0:02 | Create | Villager (Male) |
| 0:02 | Create | Villager (Male) |
| 0:02 | Create | Villager (Male) |
| 0:02 | Create | Villager (Male) |
| 0:02 | Create | Villager (Male) |
| 0:02 | Create | Villager (Male) |
| 0:02 | Create | Villager (Male) |
| 0:04 | Build | House |
| 1:24 | Create | Villager (Male) |
| 1:53 | Build | House |
| 1:55 | Build | House |
| 1:56 | Build | House |
| 1:58 | Build | House |
| 2:04 | Create | Villager (Male) |
| 2:05 | Create | Villager (Male) |
| 2:24 | Create | Villager (Male) |
| 2:25 | Create | Villager (Male) |
| 2:47 | Create | Villager (Male) |
| 2:48 | Create | Villager (Male) |
| 3:07 | Create | Villager (Male) |
| 3:07 | Create | Villager (Male) |
| 3:34 | Build | Mill |
| 3:44 | Build | House |
| 3:45 | Build | House |
| 3:47 | Create | Villager (Male) |
| 3:48 | Create | Villager (Male) |
| 4:20 | Build | House |
| 4:25 | Research | Loom |
| 4:40 | Create | Villager (Male) |
| 4:41 | Create | Villager (Male) |
| 4:41 | Create | Villager (Male) |
| 4:46 | Build | House |
| 4:50 | Create | Villager (Male) |
| 4:51 | Create | Villager (Male) |
| 5:21 | Build | House |
| 5:24 | Create | Villager (Male) |
| 5:25 | Create | Villager (Male) |
| 5:35 | Create | Villager (Male) |
| 5:35 | Create | Villager (Male) |
| 5:53 | Build | House |
| 5:59 | Create | Villager (Male) |
| 5:59 | Create | Villager (Male) |
| 6:17 | Create | Villager (Male) |
| 6:17 | Create | Villager (Male) |
| 6:30 | Create | Villager (Male) |
| 6:30 | Create | Villager (Male) |
| 7:01 | Create | Villager (Male) |
| 7:01 | Create | Villager (Male) |
| 7:01 | Create | Villager (Male) |
| 7:18 | Create | Villager (Male) |
| 7:18 | Create | Villager (Male) |
| 7:56 | Build | Mining Camp |
| 9:10 | Build | Lumber Camp |
| 9:22 | Create | Villager (Male) |
| 9:42 | Create | Villager (Male) |
| 10:03 | Create | Villager (Male) |
| 10:14 | Research | Feudal Age |
| 10:37 | Build | Mill |
| 11:53 | Create | Villager (Male) |
| 11:53 | Create | Villager (Male) |
| 12:50 | Age | Feudal Age |
| 12:57 | Build | Market |
| 13:02 | Build | Blacksmith |
| 13:20 | Build | Mining Camp |
| 13:29 | Create | Villager (Male) |
| 13:53 | Research | Castle Age |
| 14:26 | Build | Farm |
| 14:26 | Build | Farm |
| 14:44 | Research | Double-Bit Axe |
| 14:47 | Research | Horse Collar |
| 14:52 | Build | Farm |
| 14:53 | Build | Farm |
| 14:53 | Build | Farm |
| 14:53 | Build | Farm |
| 14:54 | Build | Farm |
| 15:37 | Build | Farm |
| 15:37 | Build | Farm |
| 15:38 | Build | Farm |
| 15:38 | Build | Farm |
| 15:38 | Build | Farm |
| 15:39 | Build | Farm |
| 16:11 | Build | Farm |
| 16:40 | Create | Villager (Male) |
| 16:41 | Create | Villager (Male) |
| 16:45 | Age | Castle Age |
| 16:45 | Research | Wheelbarrow |
| 17:05 | Build | Town Center |
| 17:33 | Create | Villager (Male) |
| 18:15 | Build | Castle |
| 18:21 | Create | Villager (Male) |
| 18:23 | Create | Villager (Male) |
| 18:23 | Create | Villager (Male) |
| 18:30 | Build | Farm |
| 18:30 | Build | Farm |
| 18:30 | Build | Farm |
| 18:30 | Build | Farm |
| 18:31 | Build | Farm |
| 18:31 | Build | Farm |
| 18:49 | Create | Villager (Male) |
| 18:57 | Research | Heavy Plow |
| 19:12 | Research | Bow Saw |
| 19:12 | Research | Bow Saw |
| 19:28 | Create | Villager (Male) |
| 19:29 | Create | Villager (Male) |
| 19:29 | Create | Villager (Male) |
| 19:40 | Create | Villager (Male) |
| 19:59 | Create | Villager (Male) |
| 20:08 | Build | Farm |
| 20:08 | Build | Farm |
| 20:09 | Build | Farm |
| 20:09 | Build | Farm |
| 20:09 | Build | Farm |
| 20:10 | Build | Farm |
| 20:49 | Build | Monastery |
| 20:54 | Create | Villager (Male) |
| 20:54 | Create | Villager (Male) |
| 20:55 | Create | Villager (Male) ×3 |
| 20:55 | Create | Villager (Male) |
| 20:55 | Create | Villager (Male) |
| 20:55 | Create | Villager (Male) |
| 20:55 | Create | Villager (Male) |
| 20:55 | Create | Villager (Male) |
| 20:55 | Create | Villager (Male) |
| 20:55 | Create | Villager (Male) |
| 20:55 | Create | Villager (Male) |
| 20:55 | Create | Villager (Male) |
| 20:55 | Create | Villager (Male) |
| 20:55 | Create | Villager (Male) |
| 20:55 | Create | Villager (Male) |
| 20:55 | Create | Villager (Male) |
| 20:55 | Create | Villager (Male) |
| 20:55 | Create | Villager (Male) |
Build order — Fencer_Khan
First 150 of 338 actions detected
| 0:01 | Create | Villager (Male) |
| 0:01 | Create | Villager (Male) |
| 0:01 | Create | Villager (Male) |
| 0:04 | Build | House |
| 0:06 | Build | House |
| 0:46 | Create | Villager (Male) |
| 0:46 | Create | Villager (Male) |
| 1:24 | Create | Villager (Male) |
| 1:24 | Create | Villager (Male) |
| 1:54 | Build | Lumber Camp |
| 2:10 | Create | Villager (Male) |
| 2:11 | Create | Villager (Male) |
| 2:11 | Create | Villager (Male) |
| 2:11 | Create | Villager (Male) |
| 2:29 | Create | Villager (Male) |
| 2:29 | Create | Villager (Male) |
| 3:16 | Create | Villager (Male) |
| 3:17 | Create | Villager (Male) |
| 3:17 | Create | Villager (Male) |
| 3:32 | Create | Villager (Male) |
| 3:32 | Create | Villager (Male) |
| 3:54 | Build | House |
| 4:24 | Build | Mill |
| 4:48 | Create | Villager (Male) |
| 4:48 | Create | Villager (Male) |
| 4:49 | Create | Villager (Male) |
| 4:49 | Create | Villager (Male) |
| 5:28 | Create | Villager (Male) |
| 5:28 | Create | Villager (Male) |
| 5:48 | Create | Villager (Male) |
| 5:48 | Create | Villager (Male) |
| 6:48 | Create | Villager (Male) |
| 6:48 | Create | Villager (Male) |
| 7:24 | Build | House |
| 7:56 | Create | Villager (Male) |
| 7:57 | Create | Villager (Male) |
| 8:37 | Build | Mining Camp |
| 8:44 | Create | Villager (Male) |
| 9:14 | Research | Feudal Age |
| 9:14 | Research | Feudal Age |
| 10:35 | Build | House |
| 10:37 | Build | House |
| 11:12 | Build | Farm |
| 11:12 | Build | Farm |
| 11:24 | Age | Feudal Age |
| 11:28 | Build | Blacksmith |
| 11:37 | Build | Market |
| 11:38 | Create | Villager (Male) |
| 11:39 | Create | Villager (Male) |
| 11:48 | Build | Farm |
| 11:48 | Build | Farm |
| 11:48 | Build | Farm |
| 11:49 | Build | Farm |
| 11:52 | Research | Horse Collar |
| 12:04 | Research | Double-Bit Axe |
| 12:04 | Research | Double-Bit Axe |
| 12:28 | Build | Farm |
| 12:30 | Create | Villager (Male) |
| 12:30 | Create | Villager (Male) |
| 12:51 | Build | Farm |
| 13:05 | Create | Villager (Male) |
| 13:28 | Create | Villager (Male) |
| 13:43 | Build | Farm |
| 13:48 | Build | Farm |
| 14:00 | Build | Farm |
| 14:07 | Build | Farm |
| 14:10 | Create | Villager (Male) |
| 14:39 | Research | Castle Age |
| 14:40 | Research | Castle Age |
| 14:40 | Research | Castle Age |
| 14:43 | Build | Barracks |
| 14:51 | Build | Barracks |
| 14:56 | Build | Farm |
| 15:05 | Research | Scale Mail Armor |
| 15:05 | Research | Scale Mail Armor |
| 15:35 | Research | Forging |
| 15:44 | Create | Militia |
| 15:45 | Create | Militia |
| 15:45 | Create | Militia |
| 16:04 | Build | Mining Camp |
| 16:12 | Build | Farm |
| 16:14 | Create | Villager (Male) |
| 16:18 | Build | Barracks |
| 16:19 | Create | Militia |
| 16:20 | Create | Militia |
| 16:47 | Research | Man-at-Arms (upgrade) |
| 16:48 | Create | Militia |
| 17:13 | Create | Militia |
| 17:14 | Create | Militia |
| 17:19 | Age | Castle Age |
| 17:23 | Create | Militia |
| 17:24 | Create | Militia |
| 17:33 | Create | Militia |
| 17:33 | Create | Militia |
| 17:38 | Build | House |
| 17:38 | Build | House |
| 17:38 | Build | House |
| 17:39 | Build | House |
| 17:39 | Build | House |
| 17:39 | Build | House |
| 17:40 | Build | House |
| 17:40 | Build | House |
| 17:44 | Create | Militia |
| 17:57 | Build | House |
| 17:57 | Build | House |
| 17:58 | Build | House |
| 17:58 | Build | House |
| 17:58 | Build | House |
| 18:04 | Research | Loom |
| 18:12 | Research | Squires |
| 18:19 | Research | Long Swordsman (upgrade) |
| 18:19 | Research | Long Swordsman (upgrade) |
| 18:27 | Create | Militia |
| 18:45 | Build | Town Center |
| 18:47 | Create | Villager (Male) |
| 18:49 | Create | Militia |
| 18:50 | Create | Militia |
| 18:50 | Create | Militia |
| 20:12 | Create | Spearman |
| 20:12 | Create | Spearman |
| 20:13 | Create | Militia |
| 20:13 | Create | Militia |
| 20:13 | Create | Militia |
| 20:32 | Research | Chain Mail Armor |
| 20:33 | Create | Villager (Male) |
| 20:36 | Build | Farm |
| 20:39 | Build | House |
| 20:39 | Build | House |
| 20:40 | Build | House |
| 20:40 | Build | House |
| 20:46 | Create | Militia |
| 21:48 | Create | Militia |
| 21:49 | Create | Militia |
| 21:51 | Research | Gambesons |
| 21:54 | Build | Farm |
| 21:57 | Create | Villager (Male) |
| 21:57 | Create | Villager (Male) |
| 21:58 | Create | Villager (Male) |
| 22:02 | Create | Villager (Male) |
| 22:06 | Build | Farm |
| 22:07 | Build | Farm |
| 22:13 | Build | Farm |
| 22:14 | Create | Villager (Male) |
| 22:14 | Create | Villager (Male) |
| 22:36 | Create | Spearman |
| 22:36 | Create | Spearman |
| 22:37 | Create | Spearman |
| 22:37 | Create | Spearman |
| 22:37 | Create | Spearman |
| 22:58 | Create | Spearman |
Build order — Geosim
First 150 of 283 actions detected
| 0:02 | Create | Villager (Male) ×4 |
| 0:03 | Build | House |
| 0:05 | Build | House |
| 1:44 | Create | Villager (Male) |
| 1:59 | Create | Villager (Male) |
| 2:15 | Build | Lumber Camp |
| 2:21 | Create | Villager (Male) |
| 2:54 | Create | Villager (Male) |
| 3:05 | Build | House |
| 3:10 | Create | Villager (Male) |
| 3:41 | Create | Villager (Male) |
| 4:02 | Create | Villager (Male) |
| 4:21 | Build | Mill |
| 4:33 | Create | Villager (Male) |
| 4:45 | Create | Villager (Male) |
| 5:28 | Create | Villager (Male) |
| 5:29 | Create | Villager (Male) |
| 5:44 | Build | House |
| 5:56 | Create | Villager (Male) ×2 |
| 6:25 | Create | Villager (Male) |
| 6:44 | Create | Villager (Male) |
| 7:13 | Build | House |
| 7:52 | Build | Mining Camp |
| 8:10 | Create | Villager (Male) |
| 8:11 | Create | Villager (Male) |
| 8:12 | Create | Villager (Male) |
| 8:59 | Create | Villager (Male) |
| 9:16 | Build | Mill |
| 9:36 | Research | Feudal Age |
| 9:41 | Build | House |
| 10:17 | Create | Villager (Male) |
| 10:18 | Create | Villager (Male) |
| 10:32 | Build | House |
| 11:56 | Build | Farm |
| 12:00 | Age | Feudal Age |
| 12:03 | Build | Blacksmith |
| 12:17 | Build | Town Center |
| 12:20 | Research | Double-Bit Axe |
| 12:46 | Create | Villager (Male) |
| 12:46 | Create | Villager (Male) |
| 12:51 | Build | Siege Workshop |
| 12:56 | Build | House |
| 13:20 | Create | Villager (Male) |
| 13:26 | Research | Gold Mining |
| 13:38 | Create | Battering Ram |
| 13:38 | Create | Battering Ram |
| 13:48 | Create | Villager (Male) |
| 14:03 | Build | House |
| 14:04 | Build | House |
| 14:20 | Create | Villager (Male) |
| 14:20 | Create | Villager (Male) |
| 14:31 | Build | Farm |
| 14:31 | Build | Farm |
| 14:31 | Build | Farm |
| 14:58 | Build | Farm |
| 15:01 | Create | Villager (Male) ×5 |
| 15:21 | Create | Battering Ram |
| 15:21 | Create | Battering Ram |
| 15:29 | Build | House |
| 15:32 | Create | Villager (Male) ×2 |
| 15:34 | Build | Farm |
| 15:39 | Build | Farm |
| 15:40 | Build | Farm |
| 15:42 | Build | Farm |
| 15:50 | Research | Horse Collar |
| 16:37 | Build | Farm |
| 16:37 | Build | Farm |
| 16:37 | Build | Farm |
| 16:38 | Build | Farm |
| 16:38 | Build | Farm |
| 16:38 | Build | Farm |
| 16:38 | Build | Farm |
| 16:41 | Create | Villager (Male) ×2 |
| 16:41 | Create | Villager (Male) ×2 |
| 17:16 | Create | Battering Ram |
| 17:16 | Create | Battering Ram |
| 17:25 | Create | Villager (Male) ×3 |
| 17:25 | Create | Villager (Male) ×3 |
| 17:51 | Build | Farm |
| 17:51 | Build | Farm |
| 17:58 | Build | Farm |
| 18:03 | Create | Villager (Male) ×3 |
| 18:03 | Create | Villager (Male) ×3 |
| 18:33 | Build | Barracks |
| 18:35 | Research | Loom |
| 18:45 | Create | Battering Ram |
| 18:50 | Build | Farm |
| 18:54 | Create | Villager (Male) ×5 |
| 19:01 | Build | Farm |
| 19:56 | Build | House |
| 19:56 | Build | House |
| 19:56 | Build | House |
| 19:57 | Build | House |
| 19:57 | Build | House |
| 19:57 | Build | House |
| 19:58 | Build | House |
| 20:00 | Build | Farm |
| 20:04 | Research | Wheelbarrow |
| 20:09 | Create | Villager (Male) ×3 |
| 20:15 | Build | Farm |
| 20:57 | Create | Spearman |
| 21:02 | Build | Archery Range |
| 21:04 | Build | Archery Range |
| 21:05 | Build | Archery Range |
| 21:07 | Build | Archery Range |
| 21:12 | Create | Villager (Male) ×5 |
| 21:20 | Build | Market |
| 21:44 | Build | Stable |
| 21:45 | Build | Stable |
| 21:46 | Build | Stable |
| 21:47 | Build | Stable |
| 21:54 | Create | Villager (Male) ×5 |
| 21:54 | Create | Villager (Male) ×5 |
| 21:55 | Create | Villager (Male) ×4 |
| 22:10 | Build | Farm |
| 22:11 | Build | Farm |
| 22:11 | Build | Farm |
| 22:16 | Build | Farm |
| 22:23 | Build | Farm |
| 22:27 | Build | House |
| 22:28 | Build | House |
| 22:28 | Build | House |
| 22:28 | Build | House |
| 22:28 | Build | House |
| 22:29 | Build | House |
| 22:40 | Build | Farm |
| 22:54 | Build | Farm |
| 23:07 | Build | Lumber Camp |
| 23:15 | Create | Archer |
| 23:15 | Create | Archer |
| 23:18 | Create | Archer |
| 23:18 | Create | Archer |
| 23:32 | Research | Castle Age |
| 23:39 | Build | Farm |
| 23:44 | Build | Farm |
| 23:59 | Research | Fletching |
| 24:00 | Research | Padded Archer Armor |
| 24:27 | Build | Archery Range |
| 24:28 | Build | Archery Range |
| 24:40 | Build | Stable |
| 24:40 | Build | Stable |
| 24:47 | Create | Villager (Male) ×5 |
| 24:53 | Research | Stone Mining |
| 24:57 | Create | Villager (Male) ×5 |
| 24:59 | Create | Villager (Male) ×5 |
| 25:47 | Build | Blacksmith |
| 25:52 | Build | House |
| 25:52 | Build | House |
| 25:53 | Build | House |
| 25:53 | Build | House |
Match timeline
| 8:35 | simirfan · first_building Barracks |
| 10:29 | karamasce · age_up feudal |
| 10:39 | simirfan · age_up feudal |
| 11:04 | Mateor2020 · age_up feudal |
| 11:08 | stormgoing · age_up feudal |
| 11:24 | Fencer_Khan · age_up feudal |
| 11:29 | carlos__federico · age_up feudal |
| 12:00 | Geosim · age_up feudal |
| 12:24 | stormgoing · first_market_sell 100 wood |
| 12:50 | M.S. · age_up feudal |
| 12:51 | Geosim · first_building Siege Workshop |
| 13:45 | M.S. · first_market_buy 100 food |
| 13:48 | M.S. · first_market_sell 100 wood |
| 14:43 | Fencer_Khan · first_building Barracks |
| 14:51 | Mateor2020 · age_up castle |
| 15:05 | stormgoing · age_up castle |
| 15:25 | carlos__federico · age_up castle |
| 15:28 | carlos__federico · first_building Siege Workshop |
| 16:45 | M.S. · age_up castle |
| 17:19 | Fencer_Khan · age_up castle |
| 18:15 | M.S. · first_building Castle |
| 18:25 | simirfan · first_market_buy 100 food |
| 18:28 | stormgoing · first_building Barracks |
| 18:33 | Geosim · first_building Barracks |
| 19:25 | stormgoing · first_building Archery Range |
| 19:57 | karamasce · age_up castle |
| 20:10 | Mateor2020 · first_building Barracks |
| 20:24 | stormgoing · first_building Monastery |
| 20:49 | M.S. · first_building Monastery |
| 21:02 | Geosim · first_building Archery Range |
| 21:44 | Geosim · first_building Stable |
| 21:49 | M.S. · wall_segment Stone Wall x9 |
| 21:52 | simirfan · first_market_sell 100 wood |
| 22:24 | karamasce · first_building Castle |
| 22:41 | Mateor2020 · first_building Monastery |
| 23:08 | stormgoing · first_building Stable |
| 23:28 | Geosim · first_market_buy 100 food |
| 24:25 | stormgoing · first_building Castle |
| 24:39 | karamasce · first_building Monastery |
| 25:01 | simirfan · age_up castle |
| 25:26 | Mateor2020 · first_building Stable |
| 25:41 | Mateor2020 · first_market_sell 100 wood |
| 25:43 | Mateor2020 · first_market_buy 100 food |
| 25:45 | M.S. · first_building Barracks |
| 26:15 | Geosim · age_up castle |
| 26:27 | M.S. · first_building Archery Range |
| 26:45 | M.S. · first_building Siege Workshop |
| 27:47 | Fencer_Khan · first_building Castle |
| 28:33 | Mateor2020 · first_building Siege Workshop |
| 28:43 | M.S. · age_up imperial |
| 28:54 | stormgoing · first_building Siege Workshop |
| 29:10 | Mateor2020 · age_up imperial |
| 29:40 | Mateor2020 · first_building Castle |
| 29:59 | Fencer_Khan · first_market_sell 100 stone |
| 30:09 | simirfan · first_building Siege Workshop |
| 31:00 | stormgoing · age_up imperial |
| 32:38 | Geosim · first_building Castle |
| 33:03 | Fencer_Khan · first_building Stable |
| 33:12 | Fencer_Khan · age_up imperial |
| 33:20 | carlos__federico · first_building Castle |
| 34:31 | M.S. · first_building Stable |
| 35:45 | M.S. · wall_segment Stone Wall x3 |
| 36:48 | Fencer_Khan · tribute_sent a jugador 1 |
| 36:48 | Fencer_Khan · tribute_sent a jugador 2 |
| 36:48 | Fencer_Khan · tribute_sent a jugador 3 |
| 36:48 | Fencer_Khan · tribute_sent a jugador 4 |
| 36:48 | Fencer_Khan · tribute_sent a jugador 5 |
| 36:48 | Fencer_Khan · tribute_sent a jugador 6 |
| 36:48 | Fencer_Khan · tribute_sent a jugador 8 |
| 37:37 | Geosim · age_up imperial |
| 37:54 | simirfan · wall_segment Palisade Wall x1 |
| 39:56 | karamasce · age_up imperial |
| 40:05 | carlos__federico · age_up imperial |
| 47:15 | karamasce · resign |
[ AI ANALYSIS · 1 CREDIT ]
What really happened in this match?
Wolo.gg analyzes every decision: build order, eco, micro, common mistakes by bracket. Personalized analysis on WhatsApp or Discord in 30 seconds.
Civ guide
Goths
Perfil
simirfan